 Dungeon Crawl Stone Soup version 0.21-a0-135-g8dc100c (webtiles) character file.

249 Karpathos the Sneak (level 5, -5/24 HPs)
             Began as a Spriggan Enchanter on July 18, 2017.
             Was an Initiate of Dithmenos.
             Slain by an ogre
             ... wielding a +0 giant club
              (29 damage)
             ... on level 3 of the Dungeon.
             The game lasted 00:16:06 (4333 turns).

Karpathos the Sneak (Spriggan Enchanter)            Turns: 4333, Time: 00:16:06

Health: -5/24      AC:  6    Str:  4    XL:     5   Next: 87%
Magic:  11/13      EV: 18    Int: 18    God:    Dithmenos [......]
Gold:   133        SH:  0    Dex: 16    Spells: 1/13 levels left

rFire    . . .     SeeInvis +   a - +1 dagger
rCold    + . .     Gourm    .   (shield restricted)
rNeg     . . .     Faith    .   b - +0 robe
rPois    .         Spirit   .   (helmet restricted)
rElec    .         Reflect  .   g - +0 cloak
rCorr    .         Harm     .   (gloves unavailable)
MR       .....                  (boots unavailable)
Stlth    ++++......             (no amulet)
HPRegen  0.08/turn              f - ring of protection from cold
MPRegen  0.13/turn              l - +3 ring of protection

@: very quick
A: unfitting armour, see invisible, herbivore 3, speed 3, slow metabolism 2
a: Renounce Religion


You were on level 3 of the Dungeon.
You worshipped Dithmenos.
Dithmenos was noncommittal.
You were not hungry.

You visited 1 branch of the dungeon, and saw 4 of its levels.

You collected 133 gold pieces.

Inventory:

Hand Weapons
 a - a +1 dagger (weapon)
Armour
 b - a +0 robe (worn)
 g - a +0 cloak (worn)
Jewellery
 f - a ring of protection from cold (left hand)
 l - a +3 ring of protection (right hand)
Wands
 k - a wand of paralysis (17/24)
Scrolls
 j - a scroll of remove curse
Potions
 e - 2 potions of flight
 h - 2 potions of curing
 i - a potion of invisibility
 m - 2 potions of lignification
 n - 2 potions of might
 o - a potion of mutation {unknown}
Books
 c - a book of Maledictions

   Spells                             Type                      Level
   a - Corona                         Hexes                        1
   b - Ensorcelled Hibernation        Hexes/Ice                    2
   c - Confuse                        Hexes                        3
   d - Tukima's Dance                 Hexes                        3
   e - Dazzling Spray                 Conjuration/Hexes            3
Comestibles
 d - 2 bread rations


   Skills:
 - Level 1.1 Short Blades
 - Level 3.0 Dodging
 + Level 6.8 Stealth
 - Level 4.8 Spellcasting
 - Level 5.5 Hexes


You had one spell level left.
You knew the following spells:

 Your Spells              Type           Power        Failure   Level  Hunger
a - Ensorcelled Hibernat  Hex/Ice        ##....       7%          2    #......
b - Corona                Hex            ###....      1%          1    None
c - Confuse               Hex            ###.....     4%          3    ###....
d - Tukima's Dance        Hex            ###.....     4%          3    ###....
e - Dazzling Spray        Conj/Hex       ##....       13%         3    ###....


Dungeon Overview and Level Annotations

Branches:
Dungeon (4/15)
 Temple: D:4-7

Altars:
Dithmenos
Elyvilon
Fedhas
Trog
Uskayaw
Zin
The Shining One


Innate Abilities, Weirdness & Mutations

You are very small and have problems with some larger weapons.
You are too small for most types of armour.
You have supernaturally acute eyesight. (SInv)
You are a herbivore.
You cover ground extremely quickly.
You need consume almost no food.


Message History

Aim: an ogre, wielding a giant club (hasn't noticed you, chance to defeat MR: 53%)
The ogre shouts!
The ogre appears confused.
Casting: Confuse
Confirm with . or Enter, or press ? or * to list all spells.
Okay, then.
You hit the ogre.
The ogre is lightly wounded.
Unknown command.
Unknown command.
You hit the ogre.
The ogre is lightly wounded.
You catch the helpless ogre completely off-guard!
You impale the ogre!!
The ogre is almost dead.
You hit the ogre.
The ogre is almost dead.
The ogre hits you with a giant club!!
Ouch! That really hurt!
You die...

§.§.############.......####
#.........)........###....#
.########.#######....#.##.##
.# #<# #..#.......# .### #.#
##....._....# ...# #.#
#...........#
#..######.######....#####.##
#..##...)..)........#(..#.#
#..##.###.......@...#(..#.#
#..##.# #.......O.#.#####.#
#..##.###..########.......#
#..........# ##.#.####
#####†####.# #....# #
#.####.# #######..# #
#.).##.# #........# #
###.##.. ...#####.# # #)####
#..# #)#


You could see an ogre (confused) and 2 dancing weapons.

Vanquished Creatures
  2 hounds (D:4)
  Ijyb (D:3)
  An orc wizard (D:3)
  6 adders
  A worm (D:2)
  4 dart slugs (D:1)
  5 leopard geckos
  5 orcs
  A ball python (D:3)
  6 bats
  A giant cockroach (D:1)
  9 goblins
  11 hobgoblins
  7 jackals (D:3)
  A quokka (D:2)
  3 frilled lizards
  6 kobolds
  8 rats
78 creatures vanquished.

Notes
Turn   | Place    | Note
-------+----------+-------------------------------------------
     0 | D:1      | Karpathos the Spriggan Enchanter began the quest for the Orb.
     0 | D:1      | Reached XP level 1. HP: 9/9 MP: 5/5
   682 | D:1      | Reached XP level 2. HP: 13/13 MP: 4/7
   686 | D:1      | Learned a level 2 spell: Ensorcelled Hibernation
  1502 | D:1      | Reached XP level 3. HP: 16/16 MP: 1/9
  1507 | D:1      | Learned a level 3 spell: Confuse
  1511 | D:1      | Learned a level 3 spell: Tukima's Dance
  2011 | D:2      | You fall through a shaft for 2 floors!
  2061 | D:4      | Found a white marble altar of Elyvilon.
  2061 | D:4      | Found a glowing golden altar of the Shining One.
  2061 | D:4      | Found a glowing silver altar of Zin.
  2108 | D:4      | Reached skill level 5 in Hexes
  2108 | D:4      | Reached XP level 4. HP: 20/21 MP: 0/11
  2120 | D:4      | Found a bloodstained altar of Trog.
  3039 | D:2      | Reached XP level 5. HP: 24/24 MP: 13/13
  3044 | D:2      | Learned a level 3 spell: Dazzling Spray
  3759 | D:3      | Reached skill level 5 in Stealth
  3797 | D:3      | Noticed a hand axe
  3797 | D:3      | Noticed a hand axe
  3801 | D:3      | Found a hide-covered altar of Uskayaw.
  3895 | D:3      | Reached skill level 6 in Stealth
  4064 | D:3      | Noticed Ijyb
  4075 | D:3      | Killed Ijyb
  4193 | D:3      | Found a shadowy altar of Dithmenos.
  4197 | D:3      | Became a worshipper of Dithmenos the Shadowed
  4281 | D:3      | Found a blossoming altar of Fedhas.
  4319 | D:3      | Noticed an ogre
  4333 | D:3      | Slain by an ogre

Vault maps used:
D:1:      matt_arrival_grand_opening
D:2:      first_bread
D:3:      grunt_dithmenos_smoke_and_mirrors, fedhas_altar_4,
          dancing_weapons_uskayaw, uniq_ijyb
D:4:      good_gods_mini_temple, lemuel_crystal_altar,
          minmay_temple_entry_fiery, saegor_snake_ambush

Skill      XL: |  1  2  3  4  5 |
---------------+----------------+-----
Spellcasting   | 3 4 |  4.8
Hexes          | 4 5 |  5.5
Stealth        | 6 |  6.8
Short Blades   | |  1.1
Dodging        | |  3.0

Action                   |  1- 3 |  4- 6 || total
-------------------------+-------+-------++-------
Melee: Dagger            |    93 |   232 ||   325
 Cast: Corona            |     9 |     3 ||    12
       Ensorcelled Hiber |    17 |    22 ||    39
       Confuse           |       |     2 ||     2
       Dazzling Spray    |       |     2 ||     2
  Use: Scroll            |     5 |     6 ||    11
 Stab: Sleeping          |    12 |    27 ||    39
       Confused          |       |     3 ||     3
       Invisible         |       |     1 ||     1
  Eat: Royal jelly       |       |     2 ||     2
Armor: Robe              |    20 |    38 ||    58
Dodge: Dodged            |   110 |   192 ||   302
